 Dungeon Crawl Stone Soup version 0.21.0 (webtiles) character file.

196 HungrySpirit the Ducker (level 5, 0/45 HPs)
             Began as a Deep Elf Artificer on Jan 7, 2018.
             Succumbed to an orc priest's poison
             ... on level 4 of the Dungeon.
             The game lasted 00:05:45 (4249 turns).

HungrySpirit the Ducker (Deep Elf Artificer)        Turns: 4249, Time: 00:05:46

Health: 0/45       AC: 22    Str:  9    XL:     5   Next: 46%
Magic:  11/11      EV:  2    Int: 17    God:
Gold:   131        SH:  0    Dex: 15    Spells: 9/9 levels left

rFire    . . .     SeeInvis .   a - +0 short sword
rCold    . . .     Gourm    .   (no shield)
rNeg     + + +     Faith    .   (armour currently unavailable)
rPois    +         Spirit   .   (helmet currently unavailable)
rElec    .         Reflect  .   (cloak currently unavailable)
rCorr    .         Harm     .   (gloves currently unavailable)
MR       .....     NoTele   +   (boots currently unavailable)
Stlth    ++........             (no amulet)
HPRegen  0.15/turn              (no ring)
MPRegen  0.12/turn              (no ring)

@: lethally poisoned (0 -> -4), tree-form
A: no striking features
a: no special abilities


You were on level 4 of the Dungeon.
You were not hungry.
You were a tree.
You visited 1 branch of the dungeon, and saw 4 of its levels.

You collected 131 gold pieces.

Inventory:

Hand Weapons
 a - a +0 short sword (weapon)
Armour
 b - a +0 leather armour (melded)
Wands
 d - a wand of enslavement (12)
 e - a wand of random effects (11)
Scrolls
 g - a scroll of noise {unknown}
 h - 3 scrolls of identify {unknown}
 o - a scroll of enchant armour {unknown}
 r - a scroll of teleportation {unknown}
 t - a scroll of remove curse {unknown}
Potions
 c - a potion of flight {unknown}
 i - 3 potions of curing {unknown}
 k - 2 potions of lignification
 m - a potion of mutation {unknown}
 n - a potion of cancellation {unknown}
 p - a potion of degeneration {unknown}
 q - a potion of experience {unknown}
 s - 2 potions of magic {unknown}
Books
 j - a book of Cantrips

   Spells                             Type                      Level
   a - Confusing Touch                Hexes                        1
   b - Animate Skeleton               Necromancy                   1
   c - Summon Small Mammal            Summoning                    1
   d - Apportation                    Translocation                1
Comestibles
 f - 11 rations


   Skills:
 - Level 2.0 Fighting
 * Level 3.4 Short Blades
 + Level 3.7 Dodging
 - Level 1.2 Stealth
 + Level 2.9 Spellcasting
 - Level 3.2 Evocations


You had 9 spell levels left.
You didn't know any spells.

Dungeon Overview and Level Annotations

Branches:
Dungeon (4/15)
 Temple: D:4-7

Altars:
Makhleb
Zin


Message History

Aiming: Enslavement
Press: ? - help, Shift-Dir - straight line, f - iguana, p - orc priest
Aim: an iguana (chance to defeat MR: 64%)
The iguana struggles to resist.
The orc priest hits you with a hand axe of venom.
You are poisoned.
The orc priest hits your orc with a hand axe of venom.
Your orc is poisoned.
Your orc barely misses the orc priest.
The iguana bites you!
* * * LOW HITPOINT WARNING * * *
Evoke which item? (* to show all) (? for menu, Esc to quit)
Aiming: Enslavement
Press: ? - help, Shift-Dir - straight line, f - orc priest, p - iguana
Aim: an orc priest, wielding a hand axe of venom and wearing a ring mail (chance to defeat MR: 55%)
The orc priest is charmed.
You feel sick. The iguana bites you.
* * * LOW HITPOINT WARNING * * *
It was a potion of lignification.
You turn into a tree.
Your +0 leather armour melds into your body.
Your roots penetrate the ground.
You die...

#.##......# #..
#.####.##.# #.#
#......##.# #.#
#########.#
#.######## #.#
#......o.#########
#########.#
#>[#####.#.......#
#.......#.###..#
#.#.#####.#
#...>....oo.#
#...#####.#
#.##.#.###♣.#
#.....o....
#......#
#l.#####...#####o#
#.....#.###
#..........#####.#
##......#
###.##.##........#
##...###
#.....†.########
#... ####.#### #
#.. .. # #. ... #
.. ..


You could see an iguana, a friendly orc priest and a friendly orc.

Vanquished Creatures
  A big kobold (D:3)
  A hound (D:4)
  3 adders
  A dart slug (D:1)
  An orc (D:3)
  4 bats
  3 giant cockroaches
  9 goblins
  7 hobgoblins
  11 jackals
  A quokka (D:3)
  9 frilled lizards
  10 kobolds
  A quokka zombie (D:4)
  5 rats
67 creatures vanquished.

Notes
Turn   | Place    | Note
-------+----------+-------------------------------------------
     0 | D:1      | HungrySpirit the Deep Elf Artificer began the quest for the Orb.
     0 | D:1      | Reached XP level 1. HP: 11/11 MP: 5/5
   399 | D:1      | Reached skill level 1 in Fighting
   677 | D:1      | Reached XP level 2. HP: 15/16 MP: 6/6
   738 | D:1      | Reached skill level 1 in Spellcasting
  1624 | D:2      | Reached XP level 3. HP: 6/20 MP: 7/7
  2262 | D:2      | Found a burning altar of Makhleb.
  3176 | D:3      | Reached XP level 4. HP: 22/25 MP: 8/8
  3740 | D:3      | Noticed a big kobold
  3772 | D:3      | Killed a big kobold
  3772 | D:3      | Reached XP level 5. HP: 27/30 MP: 10/10
  4206 | D:4      | Found a glowing silver altar of Zin.
  4248 | D:4      | HP: 1/30 [iguana (6)]
  4249 | D:4      | Succumbed to an orc priest's poison

Skill      XL: |  1  2  3  4  5 |
---------------+----------------+-----
Fighting       | 1 2 |  2.0
Spellcasting   | 1 2 |  2.9
Short Blades   | 2 3 |  3.4
Dodging        | 3 |  3.7
Stealth        | |  1.2
Evocations     | |  3.2

Action                   |  1- 3 |  4- 6 || total
-------------------------+-------+-------++-------
Melee: Short sword       |   179 |   118 ||   297
Evoke: Wand              |    12 |    10 ||    22
  Use: Potion            |       |     1 ||     1
 Stab: Sleeping          |     5 |     1 ||     6
       Confused          |       |     2 ||     2
  Eat: Chunk             |     7 |     4 ||    11
Armor: Leather armour    |    47 |    21 ||    68
Dodge: Dodged            |    91 |    88 ||   179
